[Event "Titled Tuesday Blitz February 07 Early 2023"]
[White "Rosh Jain"]
[Black "Turzo, Attila"]
[WhiteFideId "25789465"]
[BlackFideId "704954"]
[WhiteElo "2248"]
[BlackElo "2279"]
[Result "0-1"]
[Round "03"]
[TimeControl "180+2"]
[Date "2023.02.07"]
[WhiteClock "0:01:41"]
[BlackClock "0:01:31"]

1. e4 c5 2. Nf3 d6 3. d4 cxd4 4. Nxd4 Nf6 5. Nc3 a6 6. Bc4 e6 7. Bb3 Nc6 8. O-O Na5 9. f4 Qc7 10. Kh1 b5 11. e5 dxe5 12. fxe5 Qxe5 13. Bf4 Qc5 14. Be3 Qc7 15. a4 b4 16. Nce2 Nxb3 17. cxb3 Bb7 18. Rc1 Qd7 19. Qe1 Be7 20. Qf2 O-O 21. Rfd1 Rac8 22. Qg1 Rxc1 23. Bxc1 Rd8 24. Rf1 Qd5 25. Be3 Ng4 26. Bf4 Bc5 27. h3 Nf6 28. Be3 Ne4 29. Nf4 Ng3+ 30. Kh2 Nxf1+ 31. Qxf1 Qe4 0-1


[Site "https://www.chess.com"]

[Event "Titled Tuesday Blitz February 07 Early 2023"]
[White "Hajiyev, Kanan"]
[Black "Fan_Of_Chucky"]
[WhiteFideId "13404148"]
[WhiteElo "2197"]
[BlackElo "2269"]
[Result "1-0"]
[Round "03"]
[TimeControl "180+2"]
[Date "2023.02.07"]
[WhiteClock "0:00:10"]
[BlackClock "0:00:02"]

1. d4 Nf6 2. Nf3 g6 3. c4 Bg7 4. g3 O-O 5. Bg2 d5 6. cxd5 Nxd5 7. O-O Nb6 8. a4 Nc6 9. a5 Nc4 10. a6 bxa6 11. Nbd2 Nxd2 12. Bxd2 Bb7 13. Bc3 Rb8 14. e3 Qd7 15. Qc2 a5 16. Rfd1 Nb4 17. Qd2 Qg4 18. h3 Qh5 19. g4 Qb5 20. Bf1 Qd5 21. Bg2 Qb5 22. Rdc1 Rfd8 23. Qe1 Nd3 24. Qf1 Bxf3 25. Bxf3 Nxc1 26. Qxb5 Rxb5 27. Rxc1 e5 28. Bc6 Rb3 29. dxe5 a4 30. Bxa4 Rbb8 31. f4 Rd3 32. Kf2 g5 33. Bc2 Rd5 34. Ra1 gxf4 35. exf4 Bf8 36. Be4 Rdd8 37. Kf3 Bc5 38. Rc1 Bb6 39. f5 Bd4 40. Ba5 Rb3+ 41. Bc3 Bxc3 42. bxc3 Rd2 43. h4 Ra2 44. Bd5 Raa3 45. Bxb3 Rxb3 46. Ke4 a5 47. Kd4 Rb2 48. Ra1 Rg2 49. g5 1-0


[Site "https://www.chess.com"]

[Event "Titled Tuesday Blitz February 07 Early 2023"]
[White "Tarasova, Viktoriya"]
[Black "Smietanska, Wiktoria"]
[WhiteFideId "4175840"]
[BlackFideId "21869359"]
[WhiteElo "2226"]
[BlackElo "1936"]
[Result "1-0"]
[Round "03"]
[TimeControl "180+2"]
[Date "2023.02.07"]
[WhiteClock "0:01:00"]
[BlackClock "0:00:02"]

1. d4 Nf6 2. c4 g6 3. Nc3 Bg7 4. e4 d6 5. h3 O-O 6. Be3 e5 7. d5 Nh5 8. Be2 Nf4 9. Bf3 f5 10. g3 fxe4 11. Nxe4 Nh5 12. Bxh5 gxh5 13. Qxh5 Bf5 14. Ng5 c6 15. Ne2 cxd5 16. cxd5 Qa5+ 17. Nc3 e4 18. Rc1 h6 19. g4 hxg5 20. gxf5 Rxf5 21. Qe8+ Rf8 22. Qxe4 Na6 23. Qe6+ Rf7 24. O-O Rf8 25. Ne4 Nc5 26. Bxc5 dxc5 27. Nxg5 Qb6 28. Qxb6 axb6 29. Nxf7 Rxf7 30. b3 1-0


[Site "https://www.chess.com"]

[Event "Titled Tuesday Blitz February 07 Early 2023"]
[White "Zaksaite, Salomeja"]
[Black "Maung, Maung Kyaw Zaw Hein"]
[WhiteFideId "12801496"]
[BlackFideId "13001698"]
[WhiteElo "2283"]
[BlackElo "2119"]
[Result "0-1"]
[Round "03"]
[TimeControl "180+2"]
[Date "2023.02.07"]
[WhiteClock "0:00:01"]
[BlackClock "0:00:12"]

1. e4 c6 2. d4 d5 3. exd5 cxd5 4. Bd3 Nc6 5. c3 Nf6 6. h3 g6 7. Nf3 Bf5 8. Be2 Bg7 9. O-O O-O 10. Nbd2 Rb8 11. a4 a6 12. Nb3 Nd7 13. Re1 Re8 14. Bf1 e5 15. dxe5 Ndxe5 16. Nxe5 Bxe5 17. Be3 Qh4 18. Qd2 Qf6 19. Rad1 Rbd8 20. Bg5 Qg7 21. Bxd8 Rxd8 22. Nd4 Nxd4 23. cxd4 Bd6 24. Bd3 Be6 25. Be2 h5 26. Bf3 Qf8 27. Qg5 Be7 28. Qe3 Bd6 29. Qd3 Kg7 30. Qb3 Bb8 31. h4 Qd6 32. g3 g5 33. hxg5 h4 34. Bg2 hxg3 35. Qxg3 Qe7 36. Qe3 Bd6 37. f4 Qc7 38. Rf1 Qd7 39. Rc1 Bb8 40. Rce1 Rh8 41. Qg3 Qxa4 42. Rxe6 fxe6 43. Qe3 Qd7 44. Re1 Rf8 45. Bh3 Bxf4 46. Qxe6 Qxe6 47. Bxe6 Re8 48. g6 Kf6 49. Kf1 Rxe6 50. g7 Rxe1+ 51. Kxe1 Kxg7 52. Ke2 Kf6 0-1


[Site "https://www.chess.com"]

[Event "Titled Tuesday Blitz February 07 Early 2023"]
[White "Gatterer, Florian"]
[Black "Lopez Calderon, Alfonso Al"]
[WhiteFideId "811688"]
[BlackFideId "5116619"]
[WhiteElo "2170"]
[BlackElo "2120"]
[Result "1-0"]
[Round "03"]
[TimeControl "180+2"]
[Date "2023.02.07"]
[WhiteClock "0:00:13"]
[BlackClock "0:00:10"]

1. b3 e5 2. Bb2 Nc6 3. e3 Nf6 4. c4 d5 5. cxd5 Nxd5 6. Nc3 Be7 7. Bc4 Be6 8. Bxd5 Bxd5 9. Nxd5 Qxd5 10. Qf3 Qd3 11. Rc1 O-O-O 12. Qe2 Bb4 13. Nf3 e4 14. Nd4 Ne5 15. f4 Qxe2+ 16. Kxe2 Nd3 17. Rc4 Bxd2 18. Ba3 Ba5 19. Nf5 g6 20. Ne7+ Kb8 21. Rxe4 Rhe8 22. Rd4 Rxd4 23. exd4 Nxf4+ 24. Kf3 Ne6 25. Rd1 Bb6 26. d5 Nc5 27. d6 cxd6 28. Nd5 Re6 29. g4 Ne4 30. b4 Nf2 31. Rd2 Re3+ 32. Nxe3 1-0


[Site "https://www.chess.com"]

[Event "Titled Tuesday Blitz February 07 Early 2023"]
[White "Good, Daniel"]
[Black "Mestnikov, Aisen"]
[WhiteFideId "1302388"]
[BlackFideId "34130117"]
[WhiteElo "2141"]
[BlackElo "2078"]
[Result "1-0"]
[Round "03"]
[TimeControl "180+2"]
[Date "2023.02.07"]
[WhiteClock "0:00:06"]
[BlackClock "0:00:16"]

1. e4 e5 2. Nf3 Nc6 3. Bb5 a6 4. Ba4 Nge7 5. c3 g6 6. d4 exd4 7. cxd4 Bg7 8. O-O b5 9. Bb3 O-O 10. Nc3 d6 11. h3 Bb7 12. Re1 Na5 13. Bc2 c5 14. Bf4 Nc4 15. b3 cxd4 16. Nxd4 Na3 17. Nce2 Nxc2 18. Qxc2 Rc8 19. Qd2 Bxe4 20. Ng3 Bb7 21. Bg5 f6 22. Ne6 Qd7 23. Nxf8 Kxf8 24. Bh6 Qc6 25. Ne4 Nf5 26. Bxg7+ Kxg7 27. Rad1 Re8 28. f3 Qb6+ 29. Kh2 d5 30. Nc3 Qc7+ 31. Kg1 Qc5+ 32. Kh2 Rc8 33. Nxd5 Rd8 34. Nf4 Qc7 35. Qxd8 Qxf4+ 36. Kg1 Bxf3 37. Qd7+ Kh6 38. Qd2 Ne3 39. Qxe3 Qxe3+ 40. Rxe3 Bxd1 41. Re6 a5 42. Kf2 Kg5 43. Rb6 a4 44. Rxb5+ f5 45. b4 Kf4 46. Rc5 g5 47. b5 g4 48. b6 g3+ 49. Kf1 Bb3 50. axb3 a3 51. Ra5 a2 52. Rxa2 Ke3 53. b7 f4 54. Re2+ Kd3 55. b8=Q f3 56. Qxg3 Kd4 57. Qxf3 1-0


[Site "https://www.chess.com"]

[Event "Titled Tuesday Blitz February 07 Early 2023"]
[White "Nissinen, Niilo Man"]
[Black "Sanchez, Robert"]
[WhiteFideId "30950767"]
[BlackFideId "2034360"]
[WhiteElo "1958"]
[BlackElo "1966"]
[Result "0-1"]
[Round "03"]
[TimeControl "180+2"]
[Date "2023.02.07"]
[WhiteClock "0:01:04"]
[BlackClock "0:01:35"]

1. e4 e6 2. d4 d5 3. e5 c5 4. c3 Nc6 5. Nf3 Bd7 6. a3 f6 7. b4 fxe5 8. Nxe5 Nxe5 9. dxe5 Qc7 10. f4 O-O-O 11. Be3 Nh6 12. Nd2 Nf5 13. Bf2 g5 14. g4 Ng7 15. Bg3 h5 16. fxg5 h4 17. Bf4 Be7 18. Nb3 Rdf8 19. Qd2 Rhg8 20. b5 Ne8 21. O-O-O Rxf4 22. Qxf4 Bxg5 23. Qxg5 Rxg5 24. h3 Qxe5 25. Kc2 Qd6 26. Bg2 Bxb5 27. Rhe1 c4 28. Nd4 Ba4+ 29. Kb2 Bxd1 30. Rxe6 Qh2 0-1


[Site "https://www.chess.com"]

[Event "Titled Tuesday Blitz February 07 Early 2023"]
[White "Smith, Garrett L"]
[Black "Avalos Parra, Joao"]
[WhiteFideId "2024829"]
[BlackFideId "3402541"]
[WhiteElo "2047"]
[BlackElo "2185"]
[Result "0-1"]
[Round "03"]
[TimeControl "180+2"]
[Date "2023.02.07"]
[WhiteClock "0:00:51"]
[BlackClock "0:01:27"]

1. e4 e5 2. Nf3 Nc6 3. Bc4 Bc5 4. b4 Bxb4 5. c3 Be7 6. d4 Na5 7. Be2 exd4 8. Qxd4 Nf6 9. e5 Nc6 10. Qf4 Nd5 11. Qg3 g6 12. h4 d6 13. Bh6 dxe5 14. Nxe5 Qd6 15. f4 Bf5 16. Nd2 O-O-O 17. Ndc4 Qc5 18. Nxf7 Rhe8 19. Nxd8 Bxd8 20. Ne5 Nxe5 21. fxe5 Nxc3 22. Rc1 Nxe2 23. Kxe2 Rxe5+ 24. Be3 Qb5+ 25. Kf2 c6 26. Kg1 Rxe3 0-1


[Site "https://www.chess.com"]

[Event "Titled Tuesday Blitz February 07 Early 2023"]
[White "Dinu, Dumitru-Daniel"]
[Black "Hertlein, Irena"]
[WhiteFideId "1208403"]
[BlackFideId "21817618"]
[WhiteElo "2203"]
[BlackElo "1994"]
[Result "1/2-1/2"]
[Round "03"]
[TimeControl "180+2"]
[Date "2023.02.07"]
[WhiteClock "0:01:36"]
[BlackClock "0:00:50"]

1. e4 c5 2. b3 g6 3. Bb2 Nf6 4. Nc3 d6 5. Bb5+ Bd7 6. Nge2 Bg7 7. Bxd7+ Qxd7 8. O-O Nc6 9. Nd5 e5 10. Nxf6+ Bxf6 11. Nc3 Ne7 12. a3 a5 13. Qe2 O-O 14. Qc4 Bg7 15. Nd5 Nxd5 16. Qxd5 Qc6 17. Qxc6 bxc6 18. f4 exf4 19. Bxg7 Kxg7 20. Rxf4 a4 21. e5 axb3 22. cxb3 d5 23. a4 Rfe8 24. Raf1 Ra7 25. Rf6 Rxe5 26. Rxc6 Re2 27. Rxc5 Rxd2 28. h3 Rb2 29. Rb5 Rc7 30. Rf2 Rc1+ 31. Rf1 Rcc2 32. Rd1 Rxg2+ 33. Kh1 Rh2+ 34. Kg1 Rbg2+ 35. Kf1 Rf2+ 36. Kg1 Rhg2+ 37. Kh1 Rh2+ 38. Kg1 Rhg2+ 39. Kh1 Rh2+ 1/2-1/2


[Site "https://www.chess.com"]

[Event "Titled Tuesday Blitz February 07 Early 2023"]
[White "lisjakzlatko1"]
[Black "Titichoca Daza, Daniel"]
[BlackFideId "3309550"]
[WhiteElo "2211"]
[BlackElo "2180"]
[Result "0-1"]
[Round "03"]
[TimeControl "180+2"]
[Date "2023.02.07"]
[WhiteClock "0:00:04"]
[BlackClock "0:00:17"]

1. d4 Nf6 2. Nc3 c5 3. d5 d6 4. Bg5 e5 5. e4 Be7 6. Qd2 O-O 7. f3 Nh5 8. Be3 g6 9. Nge2 a6 10. O-O-O b5 11. g4 Ng7 12. h4 f5 13. h5 f4 14. Bf2 g5 15. h6 Ne8 16. Kb1 Nd7 17. Nc1 Nb6 18. a3 b4 19. axb4 cxb4 20. N3a2 a5 21. c3 Ba6 22. cxb4 axb4 23. Bxa6 Rxa6 24. Nxb4 Ra8 25. Nc6 Nc4 26. Qc2 Na3+ 27. bxa3 Qd7 28. Ka2 Nc7 29. Qb3 Na6 30. Nd3 Rfc8 31. Rb1 Ra7 32. Rhc1 Rac7 33. Nxe7+ Qxe7 34. Rc6 Kf8 35. Rxa6 Rc3 36. Qd1 Qc7 37. Nb2 Rc2 38. Ra4 Rxf2 39. Qb3 Rb8 40. Rb4 Rc8 41. Rc4 Qxc4 0-1


[Site "https://www.chess.com"]

[Event "Titled Tuesday Blitz February 07 Early 2023"]
[White "ritanovikova"]
[Black "Goncalves, Davi Sulzbacher"]
[BlackFideId "2154510"]
[WhiteElo "2202"]
[BlackElo "2282"]
[Result "1-0"]
[Round "03"]
[TimeControl "180+2"]
[Date "2023.02.07"]
[WhiteClock "0:00:20"]
[BlackClock "0:00:07"]

1. e4 c5 2. Nc3 Nc6 3. d3 g6 4. Be3 d6 5. Qd2 Bg7 6. g3 Rb8 7. Bg2 b5 8. Nd1 Nf6 9. Bh6 Bxh6 10. Qxh6 Qa5+ 11. Kf1 Ne5 12. h3 Ba6 13. f4 Qd2 14. Nf3 Nxf3 15. Bxf3 Qxc2 16. Be2 b4 17. Nf2 Nxe4 18. Nxe4 Bxd3 19. Nxd6+ exd6 20. Re1 Kd7 21. Qg7 Rhe8 22. Qxf7+ Kc6 23. Rh2 Bxe2+ 24. Rhxe2 Qd3 25. Kf2 Qd4+ 26. Kf1 Rxe2 27. Rxe2 Qd1+ 28. Kf2 Qd4+ 29. Kf1 Qd5 30. Qxa7 Qd1+ 31. Kf2 Qd4+ 32. Kf1 Rb7 33. Qa6+ Rb6 34. Qa8+ Kb5 35. Qe8+ Kc4 36. Rc2+ Kd5 37. Qa8+ Ke6 38. Re2+ Kf6 39. Qf8# 1-0


[Site "https://www.chess.com"]

[Event "Titled Tuesday Blitz February 07 Early 2023"]
[White "Balabayeva, Xeniya"]
[Black "Kuchava, Ana"]
[WhiteFideId "13719688"]
[BlackFideId "13605348"]
[WhiteElo "2191"]
[BlackElo "2101"]
[Result "1-0"]
[Round "03"]
[TimeControl "180+2"]
[Date "2023.02.07"]
[WhiteClock "0:00:30"]
[BlackClock "0:00:04"]

1. e4 c5 2. Nf3 d6 3. Bb5+ Bd7 4. Bxd7+ Qxd7 5. O-O Nc6 6. Re1 Nf6 7. c3 e6 8. d4 cxd4 9. cxd4 d5 10. e5 Ne4 11. Nbd2 Nxd2 12. Bxd2 Be7 13. a3 O-O 14. Rc1 Rac8 15. Rc3 Rc7 16. Rd3 Rfc8 17. h4 b5 18. h5 b4 19. Nh2 bxa3 20. bxa3 f5 21. exf6 Bxf6 22. Bf4 Rb7 23. Ng4 Bxd4 24. Rxd4 Nxd4 25. Qxd4 Rc4 26. Qe5 Qf7 27. g3 Rb6 28. Qg5 Kf8 29. h6 gxh6 30. Qd8+ Kg7 31. Bxh6+ Kg6 32. Qg5# 1-0


[Site "https://www.chess.com"]

[Event "Titled Tuesday Blitz February 07 Early 2023"]
[White "Ricaurte Lopez, Juan Carlos"]
[Black "Qashashvili, Alexandre"]
[WhiteFideId "3600327"]
[BlackFideId "13600842"]
[WhiteElo "2226"]
[BlackElo "2505"]
[Result "1-0"]
[Round "03"]
[TimeControl "180+2"]
[Date "2023.02.07"]
[WhiteClock "0:02:27"]
[BlackClock "0:02:34"]

1. e4 c6 2. d4 d6 3. Nc3 Nf6 4. f4 Bg4 5. Be2 Bxe2 6. Qxe2 e5 7. dxe5 dxe5 8. fxe5 Nfd7 9. Nf3 Bc5 10. Bg5 Qc7 11. O-O-O Nxe5 12. Nxe5 Qxe5 13. Rd8# 1-0


[Site "https://www.chess.com"]

[Event "Titled Tuesday Blitz February 07 Early 2023"]
[White "Winkels, Marcel"]
[Black "Melikhov, Evgeny V."]
[WhiteFideId "1003887"]
[BlackFideId "4122046"]
[WhiteElo "1960"]
[BlackElo "2269"]
[Result "0-1"]
[Round "03"]
[TimeControl "180+2"]
[Date "2023.02.07"]
[WhiteClock "0:00:12"]
[BlackClock "0:00:21"]

1. e4 c5 2. Nc3 Nc6 3. g3 g6 4. Bg2 Bg7 5. d3 e6 6. Be3 d6 7. f4 Nge7 8. Nf3 O-O 9. O-O Rb8 10. e5 dxe5 11. fxe5 Nd4 12. Ne4 Nxf3+ 13. Qxf3 Bxe5 14. Bxc5 Bd4+ 15. Kh1 Bxc5 16. Nxc5 Nf5 17. c3 b6 18. Ne4 Bb7 19. d4 Bxe4 20. Qxe4 Qd6 21. Rae1 Rbd8 22. Qe5 Qxe5 23. Rxe5 Rd6 24. a4 a5 25. Be4 Rfd8 26. Bxf5 gxf5 27. Kg2 Rd5 28. Rfe1 Kg7 29. Kf3 Kf6 30. Rxd5 Rxd5 31. Ke3 b5 32. axb5 Rxb5 33. Re2 a4 34. Kd3 h5 35. Kc4 Rb7 36. Kd3 Rb3 37. Kc2 h4 38. Re5 hxg3 39. hxg3 Kg5 40. Ra5 Kg4 41. Rxa4 Rb7 42. c4 Kxg3 43. c5 f4 44. c6 Rc7 45. Ra3+ f3 46. Rc3 Kg2 47. Kd1 f2 48. Rc2 Rxc6 49. Re2 Rd6 50. Rd2 Rxd4 0-1


[Site "https://www.chess.com"]

[Event "Titled Tuesday Blitz February 07 Early 2023"]
[White "Mouhamad, Joachim"]
[Black "Kiseleva, Arina"]
[WhiteFideId "656410"]
[BlackFideId "4164989"]
[WhiteElo "2238"]
[BlackElo "1962"]
[Result "1-0"]
[Round "03"]
[TimeControl "180+2"]
[Date "2023.02.07"]
[WhiteClock "0:00:24"]
[BlackClock "0:00:01"]

1. e4 c6 2. d4 d5 3. Nc3 dxe4 4. Nxe4 Nf6 5. Nxf6+ exf6 6. c3 Bd6 7. Bd3 Na6 8. Ne2 Nc7 9. O-O h5 10. Bf4 Kf8 11. Bxd6+ Qxd6 12. Ng3 g6 13. Ne4 Qd8 14. Qf3 Kg7 15. Rad1 Bg4 16. Qg3 Bxd1 17. Rxd1 h4 18. Qf3 f5 19. Nc5 Qd5 20. Qf4 h3 21. gxh3 Ne6 22. Nxe6+ Qxe6 23. b3 Rae8 24. Bc4 Qf6 25. Kg2 Re4 26. Qg3 Qh4 27. Bd3 Qxg3+ 28. hxg3 Re7 29. h4 f4 30. Kf3 fxg3 31. fxg3 Rhe8 32. Kf2 f5 33. c4 Kf6 34. Bf1 g5 35. hxg5+ Kxg5 36. d5 cxd5 37. Rxd5 Re5 38. Rd7 R8e7 39. Rd8 Rf7 40. Rg8+ Kh6 41. Kf3 Rd7 42. Kf4 Re1 43. Bh3 Rf7 44. Rd8 Rh1 45. Bg2 Rh2 46. Rd6+ Kg7 47. Bf3 Rxa2 48. b4 Ra3 49. Bd5 Rf8 50. Rd7+ Kg6 51. Rxb7 a5 52. b5 Rc8 53. Rb6+ Kg7 54. Ra6 Rc5 55. b6 Rb3 56. b7 a4 57. Rxa4 Rc3 58. Ra8 Rb3 59. b8=Q Rxb8 60. Rxb8 Kf6 61. Rb6+ Ke7 62. Ke5 f4 63. Rb7+ Kf8 64. gxf4 Ra5 65. Kf6 1-0


[Site "https://www.chess.com"]

[Event "Titled Tuesday Blitz February 07 Early 2023"]
[White "Sabar, Ethmane Daouda"]
[Black "Kostiukov, Alexandr"]
[WhiteFideId "19600097"]
[BlackFideId "14108100"]
[WhiteElo "2040"]
[BlackElo "2271"]
[Result "0-1"]
[Round "03"]
[TimeControl "180+2"]
[Date "2023.02.07"]
[WhiteClock "0:00:32"]
[BlackClock "0:01:25"]

1. e4 c5 2. a3 g6 3. Nc3 Bg7 4. f4 Nc6 5. Nf3 e6 6. Bb5 Nge7 7. O-O O-O 8. Re1 Nd4 9. Bf1 d6 10. d3 b5 11. Nxd4 Bxd4+ 12. Be3 Qb6 13. Bxd4 cxd4 14. Ne2 f5 15. Kh1 Bb7 16. e5 dxe5 17. fxe5 Nd5 18. Ng1 Ne3 19. Qd2 f4 20. Nf3 Bxf3 21. gxf3 Rf5 22. Bh3 Rxe5 23. Rg1 Qc6 24. Qf2 Rf8 25. Rac1 Kg7 0-1


[Site "https://www.chess.com"]

[Event "Titled Tuesday Blitz February 07 Early 2023"]
[White "Rottenwohrer Suarez, Juan"]
[Black "Cramling Bellon, Anna"]
[WhiteFideId "32068182"]
[BlackFideId "32009232"]
[WhiteElo "2265"]
[BlackElo "2043"]
[Result "1-0"]
[Round "03"]
[TimeControl "180+2"]
[Date "2023.02.07"]
[WhiteClock "0:00:21"]
[BlackClock "0:00:06"]

1. Nf3 d5 2. g3 c5 3. Bg2 Nc6 4. d4 cxd4 5. Nxd4 Nf6 6. O-O e5 7. Nxc6 bxc6 8. c4 Be6 9. Bg5 Be7 10. Nc3 e4 11. cxd5 cxd5 12. Qa4+ Qd7 13. Qxd7+ Nxd7 14. Bxe7 Kxe7 15. Rfd1 Nb6 16. a4 Rhd8 17. a5 Nc4 18. b3 Ne5 19. f3 Rac8 20. Nb5 a6 21. Nd4 exf3 22. exf3 Rc3 23. f4 Ng4 24. Re1 Kf8 25. Rxe6 fxe6 26. Nxe6+ Ke7 27. Nxd8 Kxd8 28. Bxd5 Ne3 29. Bg8 Rc2 30. Bxh7 Rg2+ 31. Kh1 Rb2 32. Rb1 Ra2 33. h3 Rxa5 34. Re1 Nd5 35. Re5 Ra1+ 36. Kg2 Nc3 37. h4 Ra3 38. Bg8 Ra2+ 39. Kh3 Nd1 40. h5 Nf2+ 41. Kh4 Kd7 42. Kg5 Ra1 43. Kg6 Rg1 44. Re3 Ng4 45. Rd3+ Ke7 46. Kxg7 Nf6 47. Re3+ Kd6 48. Kxf6 Kc5 49. h6 Kb4 50. h7 Rh1 51. Kg7 a5 52. h8=Q Rxh8 53. Kxh8 Ka3 54. f5 Kb2 55. f6 Ka1 56. g4 a4 57. g5 a3 58. Re2 a2 59. Rxa2+ Kxa2 60. b4+ 1-0


[Site "https://www.chess.com"]

[Event "Titled Tuesday Blitz February 07 Early 2023"]
[White "Larina, Maria"]
[Black "Kaganskiy, Gleb"]
[WhiteFideId "24113182"]
[BlackFideId "4132025"]
[WhiteElo "1948"]
[BlackElo "2205"]
[Result "1-0"]
[Round "03"]
[TimeControl "180+2"]
[Date "2023.02.07"]
[WhiteClock "0:01:51"]
[BlackClock "0:01:46"]

1. e4 e6 2. d4 d5 3. Nc3 Bb4 4. exd5 exd5 5. Bd3 Ne7 6. Qh5 c6 7. Nf3 Nd7 8. Ng5 g6 9. Qh6 Rg8 10. Qxh7 Rf8 1-0


[Site "https://www.chess.com"]

[Event "Titled Tuesday Blitz February 07 Early 2023"]
[White "Hoffmann, Asa"]
[Black "Serpi, Andrea"]
[WhiteFideId "2001470"]
[BlackFideId "2847499"]
[WhiteElo "2185"]
[BlackElo "2191"]
[Result "0-1"]
[Round "03"]
[TimeControl "180+2"]
[Date "2023.02.07"]
[WhiteClock "0:01:25"]
[BlackClock "0:02:02"]

1. d4 Nf6 2. Bg5 Ne4 3. Bf4 Nc6 4. f3 Nf6 5. e4 d6 6. Ne2 e5 7. Be3 Be7 8. d5 Nb8 9. c4 O-O 10. Nbc3 c6 11. Qd2 cxd5 12. cxd5 a6 13. a4 Nbd7 14. Ng3 Re8 15. Be2 Nf8 16. O-O Ng6 17. a5 h5 18. Na4 h4 19. Nf5 Bxf5 20. exf5 Nf4 21. Bxf4 exf4 22. Nb6 Rb8 23. Qxf4 Bf8 24. Bd3 Re5 25. Be4 Qe8 26. Rfe1 Qb5 27. Qd2 Rbe8 28. Qd3 Qxd3 0-1


[Site "https://www.chess.com"]

[Event "Titled Tuesday Blitz February 07 Early 2023"]
[White "Sarkar, Justin"]
[Black "Delorme, Alban"]
[WhiteFideId "2010011"]
[BlackFideId "623636"]
[WhiteElo "2309"]
[BlackElo "2298"]
[Result "1-0"]
[Round "03"]
[TimeControl "180+2"]
[Date "2023.02.07"]
[WhiteClock "0:00:54"]
[BlackClock "0:00:01"]

1. a4 Nf6 2. b4 g6 3. Bb2 Bg7 4. Nf3 O-O 5. e3 d6 6. Be2 e5 7. O-O Qe7 8. c4 b6 9. d4 exd4 10. exd4 Bb7 11. a5 Re8 12. Re1 Bxf3 13. gxf3 Nh5 14. Nd2 Nf4 15. Bf1 Qg5+ 16. Kh1 Nd7 17. axb6 axb6 18. Rxa8 Rxa8 19. Ne4 Qh4 20. Ng3 Nf6 21. Qd2 Ra2 22. Ra1 Rxa1 23. Bxa1 Nd7 24. Bc3 h5 25. Qe3 Kh7 26. Qe8 Nf6 27. Qxf7 Qg5 28. d5 h4 29. Ne4 1-0


[Site "https://www.chess.com"]

[Event "Titled Tuesday Blitz February 07 Early 2023"]
[White "Buscar, Michael"]
[Black "Baruch, Liam"]
[WhiteFideId "2603616"]
[BlackFideId "14322064"]
[WhiteElo "2041"]
[BlackElo "1718"]
[Result "0-1"]
[Round "03"]
[TimeControl "180+2"]
[Date "2023.02.07"]
[WhiteClock "0:01:28"]
[BlackClock "0:00:57"]

1. d4 d5 2. c4 e6 3. Nc3 Nf6 4. cxd5 exd5 5. Bg5 Be7 6. e3 c6 7. Bd3 O-O 8. Nf3 Nbd7 9. Qc2 Re8 10. Ne5 Nf8 11. O-O Ng4 12. Bxe7 Qxe7 13. Nxg4 Bxg4 14. Rab1 a5 15. a3 Ng6 16. b4 axb4 17. axb4 Qg5 18. Kh1 Nh4 19. Bxh7+ Kh8 20. Bd3 Bf3 0-1


[Site "https://www.chess.com"]

[Event "Titled Tuesday Blitz February 07 Early 2023"]
[White "Levine, David"]
[Black "Krzywda, Andrzej"]
[WhiteFideId "2011611"]
[BlackFideId "1114565"]
[WhiteElo "2040"]
[BlackElo "2223"]
[Result "0-1"]
[Round "03"]
[TimeControl "180+2"]
[Date "2023.02.07"]
[WhiteClock "0:00:41"]
[BlackClock "0:00:30"]

1. d4 Nf6 2. c4 c5 3. d5 b5 4. Qc2 b4 5. a3 d6 6. e4 g6 7. Bd2 Bg7 8. axb4 cxb4 9. Bxb4 O-O 10. Bd3 Nbd7 11. Nf3 Qb6 12. Bc3 Nc5 13. O-O a5 14. Nbd2 a4 15. Rfb1 Ba6 16. Nd4 Ng4 17. N2f3 Rfc8 18. Nc6 Rc7 19. Bxg7 Kxg7 20. h3 Nf6 21. e5 Nxd5 22. exd6 exd6 23. cxd5 Nxd3 24. Qc3+ Kg8 25. Qf6 Qxf2+ 26. Kh1 Re8 27. Rf1 Qxb2 28. Rxa4 Qxf6 0-1


[Site "https://www.chess.com"]

[Event "Titled Tuesday Blitz February 07 Early 2023"]
[White "Necula, Iulian"]
[Black "Carrasco Miranda, Andres"]
[WhiteFideId "1232380"]
[BlackFideId "3405990"]
[WhiteElo "1851"]
[BlackElo "2240"]
[Result "0-1"]
[Round "03"]
[TimeControl "180+2"]
[Date "2023.02.07"]
[WhiteClock "0:00:23"]
[BlackClock "0:00:34"]

1. d4 Nf6 2. Nc3 d5 3. Bf4 g6 4. e3 Bg7 5. h3 O-O 6. Nf3 c5 7. Nb5 Na6 8. a4 Ne4 9. Be2 Be6 10. O-O f6 11. Ra3 Bf7 12. Nd2 Nxd2 13. Qxd2 e5 14. dxe5 fxe5 15. Bg3 Nc7 16. Nxc7 Qxc7 17. Rd1 a6 18. Bf3 Rad8 19. Rd3 c4 20. Rxd5 Bxd5 21. Bxd5+ Kh8 22. e4 b5 23. axb5 axb5 24. Qb4 Qb6 25. Qc3 Rfe8 26. Rf1 Qc5 27. b4 Qd4 28. Qf3 Rf8 29. Qg4 c3 30. h4 Rxd5 31. h5 Rd6 32. h6 Bxh6 33. Kh2 Bf4 34. Ra1 Qxe4 35. Ra7 Bxg3+ 36. fxg3 Qxg4 0-1


[Site "https://www.chess.com"]

[Event "Titled Tuesday Blitz February 07 Early 2023"]
[White "Mrudul Dehankar"]
[Black "Vargas, Mauricio"]
[WhiteFideId "25096990"]
[BlackFideId "4404572"]
[WhiteElo "2030"]
[BlackElo "2035"]
[Result "1-0"]
[Round "03"]
[TimeControl "180+2"]
[Date "2023.02.07"]
[WhiteClock "0:00:16"]
[BlackClock "0:00:08"]

1. e4 c5 2. Nf3 d6 3. d4 cxd4 4. Nxd4 Nf6 5. Nc3 g6 6. Be3 Bg7 7. Bc4 O-O 8. f3 Bd7 9. Qd2 Nc6 10. h4 h5 11. O-O-O Rc8 12. Bb3 Ne5 13. Bh6 Nc4 14. Bxc4 Rxc4 15. Bxg7 Kxg7 16. g4 Qa5 17. Nb3 Qa6 18. e5 Rxc3 19. exf6+ exf6 20. Qxc3 Rc8 21. Qa5 Qc4 22. Rd2 hxg4 23. h5 1-0


[Site "https://www.chess.com"]

[Event "Titled Tuesday Blitz February 07 Early 2023"]
[White "Pakleza, Zbigniew"]
[Black "So, Wesley"]
[WhiteFideId "1119290"]
[BlackFideId "5202213"]
[WhiteElo "2494"]
[BlackElo "2760"]
[Result "0-1"]
[Round "04"]
[TimeControl "180+2"]
[Date "2023.02.07"]
[WhiteClock "0:00:02"]
[BlackClock "0:00:56"]

1. d4 Nf6 2. Nf3 d5 3. Bf4 c5 4. c3 Nc6 5. Nbd2 Qb6 6. Qb3 cxd4 7. Qxb6 axb6 8. Nxd4 Bd7 9. Bg3 Nh5 10. e3 e5 11. Nb5 Nxg3 12. hxg3 O-O-O 13. O-O-O Bg4 14. Re1 g6 15. Be2 Be6 16. Nf3 Be7 17. a3 h5 18. Rd1 Bg4 19. Rhe1 Rd7 20. Rd2 Rhd8 21. Red1 Be6 22. Kb1 Bf6 23. Ne1 Na5 24. f4 Nb3 25. Rc2 Nc5 26. Bd3 Bg4 27. Rdd2 Nb3 28. Rf2 Bd1 29. fxe5 Bxe5 30. Nd4 Bxg3 31. Nxb3 Bxf2 32. Rxf2 Bxb3 33. Nf3 Re7 34. Re2 Rde8 35. Nd4 Rxe3 36. Rxe3 Rxe3 37. Bb5 0-1


[Site "https://www.chess.com"]